 Dungeon Crawl Stone Soup version 0.29.1-15-g9cfb28693d (webtiles) character file.

Game seed: 5256903652206816117

53 Hugehornet the Covered (level 3, -1/23 HPs)
             Began as a Gargoyle Fighter on Mar 22, 2023.
             Slain by Crazy Yiuf
             ... wielding a +4 quarterstaff of chaos
              (19 damage)
             ... on level 2 of the Dungeon.
             The game lasted 00:02:34 (1977 turns).

Hugehornet the Covered (Gargoyle Fighter)           Turns: 1977, Time: 00:02:34

Health: -1/23      AC: 10    Str: 19    XL:     3   Next: 89%
Magic:  3/3        EV:  9    Int: 16    God:
Gold:   80         SH:  9    Dex:  9    Spells: 2/2 levels left

rFire   . . .      SeeInvis .   a - +0 war axe
rCold   . . .      Faith    .   c - +0 buckler
rNeg    + . .      Spirit   .   b - +0 scale mail
rPois   ∞          Reflect  +   (no helmet)
rElec   +          Harm     .   (no cloak)
rCorr   .          Rampage  .   (no gloves)
Will    .....                   (no boots)
Stlth   ..........              j - amulet of reflection
HPRegen 0.07/turn               g - +6 ring of intelligence
MPRegen 0.08/turn               (no ring)

@: no status effects
A: sickness immunity, AC +3, negative energy resistance 1, electricity
resistance, torment resistance 1, petrification resistance
a: no special abilities


You were on level 2 of the Dungeon.
You visited 1 branch of the dungeon, and saw 2 of its levels.

You collected 80 gold pieces.

Inventory:

Hand Weapons
 a - a +0 war axe (weapon)
Armour
 b - a +0 scale mail (worn)
 c - a +0 buckler (worn)
Jewellery
 g - a +6 ring of intelligence (left hand)
 j - an amulet of reflection (around neck)
Scrolls
 f - a scroll of fear {unknown}
 h - a scroll of immolation {unknown}
 i - a scroll of identify {unknown}
 l - a scroll of magic mapping {unknown}
Potions
 d - 2 potions of might
 e - a potion of magic {unknown}
 k - a potion of haste {unknown}
 m - a potion of mutation {unknown}


   Skills:
 - Level 3.2 Fighting
 * Level 3.1 Axes
 - Level 3.8 Armour
 - Level 3.5 Shields


You had 2 spell levels left.
You didn't know any spells.
Your spell library contained the following spells:

 Spells                   Type           Power      Damage    Failure   Level
 Ensorcelled Hibernation  Hex/Ice        0%         N/A       82%         2
 Passwall                 Tmut/Erth      0%         N/A       82%         2
 Swiftness                Air            0%         N/A       96%         3


Dungeon Overview and Level Annotations

Branches:
Dungeon (2/15)

Altars:
Uskayaw

Annotations:
D:2 Crazy Yiuf


Innate Abilities, Weirdness & Mutations

You are immune to sickness and miasma.
Your stone body is resilient. (AC +3)
You are immune to poison.
You resist negative energy. (rN+)
You are resistant to electric shocks. (rElec)
You are resistant to unholy torment.
You are immune to petrification.


Message History

You closely miss the quokka.
The quokka is almost dead.
The quokka bites you but does no damage.
The quokka closely misses you.
You hit the quokka but do no damage.
The quokka is almost dead.
The quokka bites you but does no damage.
You miss the quokka.
The quokka is almost dead.
The quokka misses you. The quokka barely misses you.
You hit the quokka.
You kill the quokka!
No target in view!
No target in view!
You start putting on your amulet.
You continue putting on your amulet of reflection. x5
You finish putting on your amulet of reflection.
You feel a shielding aura gather around you.
j - an amulet of reflection (around neck)
You open the door.
There is an open door here.
You now have 80 gold pieces (gained 6).
There is an open door here.
You open the door.
There is an open door here.
m - a coppery potion
Found a hammer.
Found a hammer.
You see here a +0 hammer.
Found two hammers.
Found a runed translucent door.
Crazy Yiuf shouts!
Found a hammer.
Crazy Yiuf says, "Announcement!
Papa hand canine."
You see here a +0 hammer.
You open the door. You barely miss Crazy Yiuf.
Crazy Yiuf hits you with a +4 quarterstaff of chaos.
Space warps horribly around you!!
Ouch! That really hurt!
You die...

##.## #...## .....
♣♣♣♣♣### #... ###
♣♣♣.♣).#.###..
#.).#♣..♣).....##.#
#..)g@♣♣♣♣......#.#
#)..#♣♣ ♣♣.#.....#
### ♣♣#####.# #.#
#.# #.# #.# #.####
#.....


You could see Crazy Yiuf.

Vanquished Creatures
  2 adders (D:2)
  2 dart slugs (D:1)
  2 ball pythons (D:1)
  5 endoplasms
  4 goblins
  3 hobgoblins (D:1)
  2 quokkas
  2 bats
  A frilled lizard (D:1)
  3 kobolds (D:1)
  5 rats
  4 bushes (D:1)
35 creatures vanquished.

Vanquished Creatures (others)
  5 plants (D:1)
5 creatures vanquished.

Grand Total: 40 creatures vanquished

Notes
Turn   | Place    | Note
-------+----------+-------------------------------------------
     0 | D:1      | Hugehornet the Gargoyle Fighter began the quest for the
                  | Orb.
     0 | D:1      | Reached XP level 1. HP: 14/14 MP: 1/1
    89 | D:1      | Reached XP level 2. HP: 10/19 MP: 2/2
   834 | D:1      | Reached XP level 3. HP: 23/23 MP: 3/3
  1758 | D:2      | Found a hide-covered altar of Uskayaw.
  1972 | D:2      | Found a runed translucent door.
  1973 | D:2      | Noticed Crazy Yiuf
  1977 | D:2      | Slain by Crazy Yiuf

Illustrated notes

Levels and vault maps discovered:
D:1:      elethiomel_arrival_diamonds, layout_rooms, serial_forest,
          infiniplex_forest_end_1, infiniplex_forest_lined_3_way,
          infiniplex_forest_clump_long, infiniplex_forest_clump_cross,
          infiniplex_forest_clump_curved, bh_walls_and_bars
D:2:      layout_loops_corners, basic_altar, uniq_crazy_yiuf_cottage

Skill      XL: |  1  2  3 |
---------------+----------+-----
Axes           | 2 3 |  3.1
Fighting       | |  3.2
Armour         | |  3.8
Shields        | |  3.5

Action                   || total
-------------------------++-------
Melee: War axe           ||   238
Armor: Scale mail        ||    59
Dodge: Dodged            ||    60
Block: Buckler           ||    23
